 Dungeon Sprint DCSS version 0.21-a0-434-g806c6c2 (webtiles) character file.

45 mastercheaf21 the Digger (level 3, -2/21 HPs)
             Began as an Octopode Earth Elementalist on Nov 9, 2017.
             Was an Initiate of Qazlal.
             Slain by a yak (14 damage)
             ... in the Dungeon (Sprint IX: "|||||||||||||||||||||||||||||").
             The game lasted 00:06:11 (452 turns).

mastercheaf21 the Digger (OpEE)                      Turns: 452, Time: 00:06:12

Health: -2/21      AC:  1    Str: 10    XL:     3   Next: 64%
Magic:  3/8        EV: 13    Int: 21    God:    Qazlal [......]
Gold:   0          SH:  0    Dex: 12    Spells: 5/9 levels left

rFire    . . .     SeeInvis .   n - staff of energy
rCold    . . .     Gourm    .   (no shield)
rNeg     . . .     Faith    .   (helmet restricted)
rPois    .         Spirit   .   (no amulet)
rElec    .         Reflect  .   p - +3 ring of intelligence
rCorr    .         Harm     .   o - +3 ring of strength
MR       .....     NoTele   +   (no ring)
Stlth    +++.......             (no ring)
HPRegen  0.07/turn              (no ring)
MPRegen  0.11/turn              (no ring)
                                (no ring)
                                (no ring)

@: no status effects
A: almost no armour, stealthy swim, amphibious, 8 rings, constrict 8, camouflage
1, gelatinous body 1
a: Renounce Religion


You were in the Dungeon.
You worshipped Qazlal.
Qazlal was noncommittal.
You were not hungry.

You visited 1 branch

Inventory:

Missiles
 b - 21 stones (quivered)
Magical Staves
 n - an uncursed staff of energy (weapon)
Jewellery
 o - a +3 ring of strength (right tentacle)
 p - a +3 ring of intelligence (left tentacle)
Wands
 m - a wand of iceblast (7/15)
Scrolls
 i - 2 scrolls of blinking
 k - 3 scrolls of remove curse
 l - 2 scrolls of amnesia
Potions
 a - a potion of invisibility
 d - 5 potions of curing
 e - 3 potions of heal wounds
 f - a potion of haste
 g - 4 potions of magic
 h - a potion of berserk rage
Books
 j - a book of Geomancy

   Spells                             Type                      Level
   a - Sandblast                      Earth                        1
   b - Passwall                       Transmutation/Earth          2
   c - Stone Arrow                    Conjuration/Earth            3
   d - Petrify                        Transmutation/Earth          4
   e - Lee's Rapid Deconstruction     Earth                        5
Comestibles
 c - a bread ration


   Skills:
 - Level 2.0 Dodging
 - Level 2.6 Stealth
 + Level 1.0 Unarmed Combat
 + Level 3.8 Spellcasting
   Level 1.0 Transmutations
 + Level 6.3 Earth Magic


You had 5 spell levels left.
You knew the following spells:

 Your Spells              Type           Power        Failure   Level  Hunger
a - Sandblast             Erth           ####..       1%          1    None
b - Stone Arrow           Conj/Erth      ###...       10%         3    None


Dungeon Overview and Level Annotations

Branches:
Dungeon (1/1)

Altars:
Cheibriados
Dithmenos
Elyvilon
Fedhas
Gozag
Hepliaklqana
Kikubaaqudgha
Makhleb
Nemelex Xobeh
Okawaru
Qazlal
Ru
Sif Muna
Trog
Uskayaw
Vehumet
Wu Jian
Xom
Yredelemnul
Zin
The Shining One
Beogh
Jiyva
Lugonu


Innate Abilities, Weirdness & Mutations

You cannot wear most types of armour.
You are very stealthy in the water. (Stealth+)
You are amphibious.
You can wear up to eight rings at the same time.
You can use your tentacles to constrict eight enemies at once.
Your skin changes colour to match your surroundings (Stealth+).
Your rubbery body absorbs attacks. (AC +1, EV +1)


Message History

Press: ? - help, Shift-Dir - straight line, f/p - yak
Aim: a yak (lightly wounded)
The blast of sand hits the yak.
The yak is heavily wounded.
b - 22 stones The yak gores you!
Okay, then.
Okay, then.
Okay, then.
Casting: Sandblast
Confirm with . or Enter, or press ? or * to list all spells.
Aiming: Sandblast
Press: ? - help, Shift-Dir - straight line, f/p - yak
Aim: a yak (heavily wounded)
The blast of sand hits the yak.
The yak is severely wounded.
b - 21 stones The yak gores you!
Ouch! That really hurt!
You die... ▓▓▓▓▓▓▓▓▓▓▓▓▓▓▓▓▓▓▓▓▓▓▓▓ _______'...)[[[.@YohSza. ▓▓▓▓▓▓▓▓▓▓▓▓▓▓▓▓▓▓▓▓▓▓▓▓

You could see a yak, an orc warrior, a water moccasin, a worker ant, a wight and a jackal.

Vanquished Creatures
  A worker ant (D)
  An adder (D)
  An adder skeleton (D)
  A dart slug (D)
  A leopard gecko (D)
  A bat skeleton (D)
  A giant cockroach (D)
  A jackal (D)
  A bat (D)
  A kobold (D)
10 creatures vanquished.

Notes
Turn   | Place    | Note
-------+----------+-------------------------------------------
     0 | D        | mastercheaf21 the Octopode Earth Elementalist began the quest for the Orb.
     0 | D        | Reached XP level 1. HP: 11/11 MP: 3/3
     9 | D        | Reached skill level 4 in Earth Magic
    12 | D        | Reached XP level 2. HP: 11/17 MP: 0/5
   136 | D        | Reached skill level 5 in Earth Magic
   140 | D        | Reached skill level 6 in Earth Magic
   140 | D        | Reached XP level 3. HP: 10/21 MP: 6/8
   141 | D        | Reached skill level 1 in Unarmed Combat
   379 | D        | Learned a level 3 spell: Stone Arrow
   384 | D        | Found a roughly hewn altar of Beogh.
   384 | D        | Found a snail-covered altar of Cheibriados.
   384 | D        | Found a shadowy altar of Dithmenos.
   384 | D        | Found a white marble altar of Elyvilon.
   384 | D        | Found a blossoming altar of Fedhas.
   384 | D        | Found an opulent altar of Gozag.
   385 | D        | Found a hazy altar of Hepliaklqana.
   386 | D        | Found a viscous altar of Jiyva.
   387 | D        | Found an ancient bone altar of Kikubaaqudgha.
   388 | D        | Found a corrupted altar of Lugonu.
   389 | D        | Found a burning altar of Makhleb.
   390 | D        | Found a sparkling altar of Nemelex Xobeh.
   391 | D        | Found an iron altar of Okawaru.
   392 | D        | Found a stormy altar of Qazlal.
   393 | D        | Found a sacrificial altar of Ru.
   394 | D        | Found a deep blue altar of Sif Muna.
   395 | D        | Found a bloodstained altar of Trog.
   396 | D        | Found a hide-covered altar of Uskayaw.
   397 | D        | Found a radiant altar of Vehumet.
   398 | D        | Found an ornate altar of the Wu Jian Council.
   399 | D        | Found a shimmering altar of Xom.
   400 | D        | Found a basalt altar of Yredelemnul.
   402 | D        | Became a worshipper of Qazlal Stormbringer
   404 | D        | Found a glowing silver altar of Zin.
   405 | D        | Found a glowing golden altar of the Shining One.
   449 | D        | Noticed a yak
   449 | D        | Noticed an orc warrior
   449 | D        | Noticed a water moccasin
   452 | D        | Slain by a yak

Vault maps used:
D:        linesprint

Skill      XL: |  1  2  3 |
---------------+----------+-----
Earth Magic    | 4 6 |  6.3
Spellcasting   | 3 |  3.8
Unarmed Combat | 1 |  1.0
Dodging        | |  2.0
Stealth        | |  2.6
Transmutations | |  1.0

Action                   || total
-------------------------++-------
Melee: Unarmed           ||    19
       Constrict         ||     6
       Tentacles         ||     5
 Cast: Sandblast         ||     9
       Stone Arrow       ||     1
Armor: Skin              ||     3
Dodge: Dodged            ||    15

Table legend:
 A = Spawn XP
 B = Non-spawn XP
 C = Spawn XP percentage of total XP
 D = Spawn monster count
 E = Non-spawn monster count
 F = Spawn count percentage of total count
 G = Total turns spent on level
                    A         B        C        D         E        F      G
               +---------+---------+-------+---------+---------+-------+---------
         Total |       0 |      65 |   0.0 |       0 |      10 |   0.0 |   452
               +---------+---------+-------+---------+---------+-------+---------
             D |       0 |      65 |   0.0 |       0 |      10 |   0.0 |   452
               +---------+---------+-------+---------+---------+-------+---------
